 Dungeon Crawl Stone Soup version 0.31-a0-152-g6aa68a64a1 (webtiles) character file.

Game seed: 11568540082174867385

84 qw the Shooter (level 4, 0/40 HPs)
             Began as a Naga Hunter on June 10, 2023.
             Slain by a goblin
             ... wielding a +0 dagger
             ... led by Robin
              (1 damage)
             ... on level 2 of the Dungeon.
             The game lasted 00:00:32 (1243 turns).

qw the Shooter (Naga Hunter)                        Turns: 1243, Time: 00:00:33

Health: 0/40       AC:  5    Str: 13    XL:     4   Next: 46%
Magic:  4/4        EV:  9    Int: 10    God:
Gold:   94         SH:  0    Dex: 16    Spells: 3/3 levels left

rFire   + . .        Y - +0 shortbow
rCold   . . .        (shield currently unavailable)
rNeg    . . .        c - +0 leather armour
rPois   +            (no helmet)
rElec   .            j - +2 cloak
rCorr   .            (no gloves)
SInv    +            (no barding)
Will    .....        (no amulet)
Stlth   ++           k - ring of protection from fire
HPRegen 0.26/turn    (no ring)
MPRegen 0.09/turn

%: no passive effects
@: short of breath, very slow
A: AC +1, large, see invisible, deformed body, poison resistance, slowness 2,
spit poison 1, naga tail 1
a: Spit Poison


You were on level 2 of the Dungeon.
You visited 1 branch of the dungeon, and saw 2 of its levels.

You collected 94 gold pieces.


Innate Abilities, Weirdness & Mutations

Your serpentine skin is tough. (AC +1)
You have supernaturally acute eyesight. (SInv)
Armour fits poorly on your strangely shaped body.
Your system is resistant to poisons. (rPois)
You cover ground very slowly.
You can spit poison.
You have a snake-like lower body.


   Skills:
 + Level 2.5 Fighting
 - Level 5.0 Ranged Weapons
 - Level 1.5 Dodging
 - Level 1.5 Stealth


You had 3 spell levels left.
You didn't know any spells.
Your spell library was empty.

Inventory:

Hand Weapons
 Y - a +0 shortbow (weapon)
Armour
 c - a +0 leather armour (worn)
 j - a +2 cloak (worn)
Jewellery
 k - a ring of protection from fire (left hand)
Potions
 a - a potion of resistance {unknown}
 d - a potion of enlightenment {unknown}
 g - a potion of curing {unknown}
 h - a potion of heal wounds {unknown}
 i - a potion of ambrosia {unknown}

Dungeon Overview and Level Annotations

Branches:
Dungeon (2/15)

Altars:


Message History

You shoot an arrow. The arrow hits the hobgoblin.
You kill the hobgoblin!
The goblin hits you but does no damage. x2; The hobgoblin barely misses you.
A kobold comes into view. It is wielding a +0 club.
You shoot an arrow. The arrow hits the hobgoblin.
The hobgoblin is almost dead.
You have got your breath back.
The goblin hits you but does no damage. x2; The hobgoblin misses you.
1238 ||| INVOKING Spit Poison.
Aiming: Spit Poison (1% risk of failure)
Press: ? - help, Shift-Dir - straight line, f/p - hobgoblin The splash of poison misses the hobgoblin.
The goblin hits you but does no damage. The goblin hits you with a +0 dagger.
The hobgoblin barely misses you. The kobold closely misses you.
You shoot an arrow. The arrow hits the hobgoblin.
You kill the hobgoblin!
The goblin no longer looks unusually strong.
The goblin hits you but does no damage. x2
A goblin comes into view. It is wielding a +0 dagger.
The kobold barely misses you.
You shoot an arrow.
The arrow hits the kobold but does no damage.
The goblin hits you but does no damage. The kobold hits you with a +0 club.
The goblin hits you with a +0 dagger.
You shoot an arrow. The arrow hits the kobold!
You kill the kobold!
The goblin hits you but does no damage. The goblin hits you with a +0 dagger.
The goblin hits you but does no damage. The goblin hits you with a +0 dagger.
You shoot an arrow. The arrow hits the goblin.
The goblin is severely wounded.
You have got your breath back.
The goblin hits you with a +0 dagger. The goblin closely misses you.
1243 ||| INVOKING Spit Poison.
Aiming: Spit Poison (1% risk of failure)
Press: ? - help, Shift-Dir - straight line, f/p - goblin The splash of poison hits the goblin.
The goblin is almost dead.
The goblin no longer looks unusually strong.
The goblin barely misses you. The goblin hits you with a +0 dagger.
You die...

#.#.##..#.######
#.......#.# #
#.#>......# #
#########.##.##.###
......[.#.......#
..........##.##.#
######
#..g......<...#
#.....
###.gg)###.####
#..... ###@).##.#
#..... ###%##.#
#..... #g..##.#
#..... #.g..g##.#
#..... #..g###.##..
#..... g.# ..##..
..##### # ...#..
... ....


You could see 3 goblins.

Vanquished Creatures
  Robin (D:2)
  An adder (D:2)
  A worm (D:2)
  2 dart slugs (D:1)
  3 ball pythons
  3 bats
  4 endoplasms
  2 giant cockroaches
  6 goblins
  11 hobgoblins
  3 jackals (D:1)
  2 kobolds
  4 quokkas
  2 frilled lizards
  5 rats
50 creatures vanquished.

Notes
Turn   | Place    | Note
-------+----------+-------------------------------------------
     0 | D:1      | qw the Naga Hunter began the quest for the Orb.
     0 | D:1      | Reached XP level 1. HP: 19/19 MP: 1/1
     0 | D:1      | 0 ||| qw: Version: 0.2-a-122-gbc61b45
     0 | D:1      | 0 ||| qw: Game counter: 3520
     0 | D:1      | 0 ||| qw: Always use a shield: true
     0 | D:1      | 0 ||| qw: God list: Okawaru
     0 | D:1      | 0 ||| qw: Allow faded altars: false
     0 | D:1      | 0 ||| qw: Do Orc after D:15 true
     0 | D:1      | 0 ||| qw: Do second Lair branch before Depths: true
     0 | D:1      | 0 ||| qw: Lair rune preference: random
     0 | D:1      | 0 ||| qw: Plans: Normal
     0 | D:1      | 0 ||| PLANNING D:1-11
    34 | D:1      | Reached skill level 4 in Ranged Weapons
    34 | D:1      | Reached XP level 2. HP: 26/26 MP: 2/2
   132 | D:1      | 132 ||| INVOKING Spit Poison.
   229 | D:1      | 229 ||| INVOKING Spit Poison.
   251 | D:1      | 251 ||| INVOKING Spit Poison.
   270 | D:1      | 270 ||| INVOKING Spit Poison.
   315 | D:1      | 315 ||| INVOKING Spit Poison.
   368 | D:1      | 368 ||| INVOKING Spit Poison.
   389 | D:1      | 389 ||| INVOKING Spit Poison.
   437 | D:1      | 437 ||| INVOKING Spit Poison.
   472 | D:1      | Reached XP level 3. HP: 32/32 MP: 3/3
   544 | D:1      | 544 ||| INVOKING Spit Poison.
   547 | D:1      | 547 ||| INVOKING Spit Poison.
   552 | D:1      | 552 ||| INVOKING Spit Poison.
   598 | D:1      | 598 ||| INVOKING Spit Poison.
   676 | D:1      | 676 ||| INVOKING Spit Poison.
   911 | D:1      | 911 ||| UPGRADING to +2 cloak.
   916 | D:1      | 916 ||| UPGRADING to ring of protection from fire.
   917 | D:1      | 917 ||| READING scroll labelled KYF TIDEOPNI.
   922 | D:1      | 922 ||| READING 3 scrolls labelled XUCWESKUSE.
   923 | D:1      | 923 ||| READING 2 scrolls labelled QOCIYQ KUFAU.
   924 | D:1      | 924 ||| DROPPING scroll of butterflies.
   925 | D:1      | 925 ||| DROPPING 2 scrolls of noise.
   926 | D:1      | 926 ||| DROPPING scroll of fear.
   952 | D:2      | 952 ||| INVOKING Spit Poison.
   968 | D:2      | 968 ||| INVOKING Spit Poison.
   982 | D:2      | 982 ||| INVOKING Spit Poison.
  1019 | D:2      | 1019 ||| INVOKING Spit Poison.
  1027 | D:2      | 1027 ||| INVOKING Spit Poison.
  1038 | D:2      | 1038 ||| INVOKING Spit Poison.
  1044 | D:2      | 1044 ||| INVOKING Spit Poison.
  1068 | D:2      | 1068 ||| INVOKING Spit Poison.
  1116 | D:2      | 1116 ||| INVOKING Spit Poison.
  1132 | D:2      | 1132 ||| INVOKING Spit Poison.
  1169 | D:2      | 1169 ||| INVOKING Spit Poison.
  1174 | D:2      | 1174 ||| INVOKING Spit Poison.
  1178 | D:2      | 1178 ||| INVOKING Spit Poison.
  1184 | D:2      | 1184 ||| INVOKING Spit Poison.
  1207 | D:2      | 1207 ||| INVOKING Spit Poison.
  1209 | D:2      | Noticed Robin
  1211 | D:2      | 1211 ||| INVOKING Spit Poison.
  1212 | D:2      | 1212 ||| Stepping ~*~*~tactically~*~*~ (outnumbered).
  1216 | D:2      | Reached skill level 5 in Ranged Weapons
  1216 | D:2      | Reached XP level 4. HP: 36/39 MP: 4/4
  1217 | D:2      | 1217 ||| INVOKING Spit Poison.
  1219 | D:2      | 1219 ||| Stepping ~*~*~tactically~*~*~ (outnumbered).
  1221 | D:2      | 1221 ||| INVOKING Spit Poison.
  1224 | D:2      | 1224 ||| INVOKING Spit Poison.
  1230 | D:2      | 1230 ||| INVOKING Spit Poison.
  1230 | D:2      | Killed Robin
  1234 | D:2      | 1234 ||| INVOKING Spit Poison.
  1238 | D:2      | 1238 ||| INVOKING Spit Poison.
  1240 | D:2      | HP: 9/40 [goblin/+0 dagger[Robin] (2)]
  1242 | D:2      | HP: 1/40 [goblin/+0 dagger[Robin] (5)]
  1243 | D:2      | 1243 ||| INVOKING Spit Poison.
  1243 | D:2      | Slain by a goblin

Levels and vault maps discovered:
D:1:      lemuel_arrival_river_ford, layout_basic, dk_noncrumbling_3,
          skrybe_limestone_x
D:2:      layout_loops_cross, basic_altar, minmay_unequal, uniq_robin

Skill      XL: |  1  2  3 |
---------------+----------+-----
Ranged Weapons | 4 5 |  5.0
Fighting       | |  2.5
Dodging        | |  1.5
Stealth        | |  1.5

Action                     |  1- 3 |  4- 6 || total
---------------------------+-------+-------++-------
   Fire: Shortbow          |    67 |    20 ||    87
Ability: Spit Poison       |    29 |     7 ||    36
    Use: Scroll            |     3 |       ||     3
 Armour: Leather armour    |    14 |    33 ||    47
  Dodge: Dodged            |    25 |    23 ||    48

Table legend:
 A = Non-vault XP
 B = Vault XP
 C = Vault XP percentage of total XP
 D = Non-vault monster count
 E = Vault monster count
 F = Vault count percentage of total count
                 A         B        C        D         E       F
            +---------+---------+-------+---------+---------+-------
      Total |      92 |      29 |  24.0 |      42 |       8 |  16.0
            +---------+---------+-------+---------+---------+-------
        D:1 |      45 |       0 |   0.0 |      22 |       0 |   0.0
        D:2 |      47 |      29 |  38.2 |      20 |       8 |  28.6
            +---------+---------+-------+---------+---------+-------
